[Event "35th European Club Cup 2019"]
[Site "Ulcinj"]
[Date "2019.11.16"]
[Round "7.2"]
[White "Banusz, Tamas"]
[Black "Polzin, Rainer"]
[Result "1-0"]
[ECO "A39"]
[WhiteElo "2620"]
[BlackElo "2411"]
[Annotator "ChessBase"]
[PlyCount "49"]
[EventDate "2019.11.10"]
[EventType "team-tourn"]
[EventCountry "MNE"]
[SourceTitle "playchess.com"]
[Source "ChessBase"]
[SourceQuality "1"]
[WhiteTeam "Koge SK"]
[BlackTeam "Berlin"]
[TimeControl "40/5400+30:1800+30"]

1. Nf3 Nf6 2. c4 g6 3. g3 Bg7 4. Bg2 O-O 5. O-O c5 6. Nc3 Nc6 7. d4 d5 8. dxc5 dxc4 9. Qa4 Qa5 10. Qxa5 Nxa5 11. Be3 Rd8 12. Rfd1 Be6 13. Nd4 Bd5 14. b4 cxb3 15. axb3 Nxb3 16. Nxd5 Nxa1 17. Nxe7+ Kf8 18. Rxa1 Ng4 19. Nd5 Rac8 20. Rc1 Nxe3 21. fxe3 b6 22. c6 Rd6 23. c7 Bxd4 24. exd4 f5 25. e4 1-0

[Event "35th European Club Cup 2019"]
[Site "Ulcinj"]
[Date "2019.11.16"]
[Round "7.2"]
[White "Krivonosov, Oleg"]
[Black "Burg, Twan"]
[Result "1/2-1/2"]
[ECO "A04"]
[WhiteElo "2404"]
[BlackElo "2536"]
[Annotator "ChessBase"]
[PlyCount "75"]
[EventDate "2019.11.10"]
[EventType "team-tourn"]
[EventCountry "MNE"]
[SourceTitle "playchess.com"]
[Source "ChessBase"]
[SourceQuality "1"]
[WhiteTeam "MRU-ROSK Consulting"]
[BlackTeam "Echiquier Mosan"]
[TimeControl "40/5400+30:1800+30"]

1. Nf3 f5 2. g3 g6 3. d4 Nf6 4. Bg2 b6 5. b3 Bb7 6. c4 Bg7 7. Bb2 e6 8. O-O O-O 9. Nc3 Na6 10. Ne1 Ne4 11. Nxe4 fxe4 12. f3 c5 13. Nc2 exf3 14. exf3 Qe7 15. Qe2 cxd4 16. Bxd4 Bxd4+ 17. Nxd4 Qc5 18. Qf2 Nc7 19. Rad1 Rad8 20. Nc2 e5 21. Qxc5 bxc5 22. Rd6 Kf7 23. f4 Bxg2 24. Kxg2 exf4 25. Rxf4+ Ke7 26. Rxf8 Rxf8 27. Rd3 Rf6 28. Re3+ Kd6 29. h4 a5 30. Na3 h5 31. Nb1 Kc6 32. Nd2 Rd6 33. Nf3 Rf6 34. Ne5+ Kd6 35. Nd3 Kc6 36. Ne5+ Kd6 37. Nd3 Kc6 38. Ne5+ 1/2-1/2

[Event "35th European Club Cup 2019"]
[Site "Ulcinj"]
[Date "2019.11.16"]
[Round "7.2"]
[White "Cardon, Helmut"]
[Black "Sukovic, Andrej"]
[Result "1-0"]
[ECO "E73"]
[WhiteElo "2398"]
[BlackElo "2254"]
[Annotator "NA"]
[PlyCount "96"]
[EventDate "2019.11.10"]
[EventType "team-tourn"]
[EventCountry "MNE"]
[SourceTitle "playchess.com"]
[Source "ChessBase"]
[SourceQuality "1"]
[WhiteTeam "HWP Sas van Gent"]
[BlackTeam "Buducnost"]
[TimeControl "40/5400+30:1800+30"]

1. d4 Nf6 2. c4 g6 3. Nc3 Bg7 4. e4 d6 5. Be2 O-O 6. Bg5 h6 7. Be3 Nbd7 8. Qc2 a6 9. Nf3 c5 10. Rd1 cxd4 11. Nxd4 Ne5 12. O-O Qc7 13. h3 Nc6 14. Nb3 Na5 15. Nd2 Be6 16. Rc1 Rac8 17. Qb1 Qd8 18. Nd5 Nd7 19. Nf4 Nc6 20. Nxe6 fxe6 21. Nb3 e5 22. Rfd1 Qe8 23. c5 Nxc5 24. Nxc5 dxc5 25. Rxc5 Nd4 26. Bc4+ Kh7 27. Rxc8 Qxc8 28. Rc1 Qd7 29. a3 Rc8 30. Kh1 Rc6 31. Bd5 Rxc1+ 32. Qxc1 e6 33. Ba2 Ne2 34. Qc2 Nd4 35. Qc4 b5 36. Qc5 Ne2 37. Qc2 Nd4 38. Qd1 Qc6 39. Qd3 Qc2 40. Qxc2 Nxc2 41. Bc5 Nd4 42. Kg1 Bf6 43. Kf1 Kg7 44. Bxd4 exd4 45. Bxe6 a5 46. f4 g5 47. g3 gxf4 48. gxf4 d3 1-0

[Event "35th European Club Cup 2019"]
[Site "Ulcinj"]
[Date "2019.11.16"]
[Round "7.3"]
[White "Leko, Peter"]
[Black "Shankland, Sam"]
[Result "1/2-1/2"]
[ECO "D02"]
[WhiteElo "2666"]
[BlackElo "2679"]
[Annotator "ChessBase"]
[PlyCount "62"]
[EventDate "2019.11.10"]
[EventType "team-tourn"]
[EventCountry "MNE"]
[SourceTitle "playchess.com"]
[Source "ChessBase"]
[SourceQuality "1"]
[WhiteTeam "Padova"]
[BlackTeam "Alkaloid"]
[TimeControl "40/5400+30:1800+30"]

1. Nf3 d5 2. d4 Nf6 3. c4 e6 4. g3 Bb4+ 5. Bd2 Be7 6. Bg2 O-O 7. O-O c6 8. Qc2 a5 9. Rd1 Nbd7 10. Bf4 b5 11. c5 Nh5 12. Bd2 f5 13. a3 g5 14. Bc3 Ng7 15. b4 a4 16. e3 h5 17. Bb2 h4 18. Nc3 Qe8 19. Ne2 Qh5 20. Ne5 Nxe5 21. dxe5 Qh6 22. f4 Nh5 23. Bf3 Rf7 24. Kf2 Bd7 25. Rg1 g4 26. Bg2 Rh7 27. Bf1 Kf7 28. Ke1 Rah8 29. Kd2 Qf8 30. Bd4 Ng7 31. Bg2 hxg3 1/2-1/2

[Event "35th European Club Cup 2019"]
[Site "Ulcinj"]
[Date "2019.11.16"]
[Round "7.3"]
[White "Djukic, Nikola"]
[Black "Verstraeten, Rein"]
[Result "1-0"]
[ECO "B90"]
[WhiteElo "2507"]
[BlackElo "2379"]
[Annotator "ChessBase"]
[PlyCount "53"]
[EventDate "2019.11.10"]
[EventType "team-tourn"]
[EventCountry "MNE"]
[SourceTitle "playchess.com"]
[Source "ChessBase"]
[SourceQuality "1"]
[WhiteTeam "Buducnost"]
[BlackTeam "HWP Sas van Gent"]
[TimeControl "40/5400+30:1800+30"]

1. e4 c5 2. Nf3 d6 3. d4 Nf6 4. Nc3 cxd4 5. Nxd4 a6 6. h3 e5 7. Nf3 Nbd7 8. a4 Qc7 9. Bg5 h6 10. Bh4 b6 11. Nd2 Bb7 12. Bd3 Be7 13. O-O O-O 14. Nc4 Rfe8 15. Ne3 Bc6 16. Bc4 Qb7 17. Ncd5 Bxd5 18. Nxd5 Rac8 19. Qe2 Nxd5 20. Bxd5 Qa7 21. Qh5 Bxh4 22. Bxf7+ Kh8 23. Bxe8 Bg5 24. Qf7 Rc7 25. Bxd7 Rxd7 26. Qd5 Qc7 27. Ra3 1-0

[Event "35th European Club Cup 2019"]
[Site "Ulcinj"]
[Date "2019.11.16"]
[Round "7.3"]
[White "Beerdsen, Thomas"]
[Black "Vedrickas, Tautvydas"]
[Result "1-0"]
[ECO "B09"]
[WhiteElo "2468"]
[BlackElo "2403"]
[Annotator "ChessBase"]
[PlyCount "55"]
[EventDate "2019.11.10"]
[EventType "team-tourn"]
[EventCountry "MNE"]
[SourceTitle "playchess.com"]
[Source "ChessBase"]
[SourceQuality "1"]
[WhiteTeam "Echiquier Mosan"]
[BlackTeam "MRU-ROSK Consulting"]
[TimeControl "40/5400+30:1800+30"]

1. e4 g6 2. d4 Bg7 3. Nc3 d6 4. f4 Nf6 5. Nf3 O-O 6. Bd3 c5 7. dxc5 Qa5 8. cxd6 exd6 9. O-O Nc6 10. Kh1 Bg4 11. Be3 Rfe8 12. h3 Qh5 13. Bg1 Qh6 14. Qe1 Nh5 15. Bh2 Bxf3 16. Rxf3 Nd4 17. Rf1 Rac8 18. g4 Nxf4 19. Rxf4 g5 20. Rf1 Qxh3 21. Qg3 Qh6 22. Nd5 Re6 23. c3 Be5 24. Qg2 Nc6 25. Rf3 Bxh2 26. Qxh2 Ne5 27. Ne7+ Kf8 28. Rh3 1-0

[Event "35th European Club Cup 2019"]
[Site "Ulcinj"]
[Date "2019.11.16"]
[Round "7.3"]
[White "Florstedt, Johannes"]
[Black "Papp, Gabor"]
[Result "0-1"]
[ECO "B94"]
[WhiteElo "2352"]
[BlackElo "2589"]
[Annotator "ChessBase"]
[PlyCount "74"]
[EventDate "2019.11.10"]
[EventType "team-tourn"]
[EventCountry "MNE"]
[SourceTitle "playchess.com"]
[Source "ChessBase"]
[SourceQuality "1"]
[WhiteTeam "Berlin"]
[BlackTeam "Koge SK"]
[TimeControl "40/5400+30:1800+30"]

1. e4 c5 2. Nf3 d6 3. d4 cxd4 4. Nxd4 Nf6 5. Nc3 a6 6. Bg5 Nbd7 7. Bc4 Qb6 8. O-O Qc5 9. Bd5 e6 10. Re1 Ne5 11. Re3 Neg4 12. Bxf6 Nxe3 13. Qf3 gxf6 14. Qxf6 Rg8 15. fxe3 Bg7 16. Qf2 Be5 17. Rf1 Qc7 18. h3 Qe7 19. Nc6 Qf6 20. Qxf6 Bxf6 21. Rxf6 exd5 22. Nd4 dxe4 23. Nd5 Kf8 24. Nb6 Rb8 25. Rxd6 Bxh3 26. Rh6 Rxg2+ 27. Kh1 Rg6 28. Rxh7 Bg2+ 29. Kh2 Kg8 30. Rh4 Rxb6 31. Kxg2 Rxb2 32. a4 Re8 33. Kg3 Rb1 34. Ne2 Rf1 35. Kg4 Re5 36. Ng3 Rf3 37. Nh5 f6 0-1

[Event "35th European Club Cup 2019"]
[Site "Ulcinj"]
[Date "2019.11.16"]
[Round "7.4"]
[White "Sengupta, Deep"]
[Black "Rudolf, Henrik"]
[Result "1-0"]
[ECO "B47"]
[WhiteElo "2557"]
[BlackElo "2319"]
[Annotator "ChessBase"]
[PlyCount "120"]
[EventDate "2019.11.10"]
[EventType "team-tourn"]
[EventCountry "MNE"]
[SourceTitle "playchess.com"]
[Source "ChessBase"]
[SourceQuality "1"]
[WhiteTeam "Koge SK"]
[BlackTeam "Berlin"]
[TimeControl "40/5400+30:1800+30"]

1. e4 c5 2. Nf3 Nc6 3. Nc3 e6 4. d4 cxd4 5. Nxd4 Qc7 6. g3 a6 7. Bg2 d6 8. Nxc6 bxc6 9. O-O e5 10. Na4 Bb7 11. c4 c5 12. Nc3 Nf6 13. f4 Be7 14. Qe2 O-O 15. f5 h6 16. h4 Rfb8 17. Be3 Bc6 18. Rad1 Rb4 19. Bc1 Rab8 20. Rf2 Qb7 21. Bf3 a5 22. g4 Nh7 23. Rh2 f6 24. Qf1 Qa6 25. Be2 Qa8 26. Bd3 a4 27. Rdd2 Qa5 28. Qd1 Qa8 29. Rdg2 R4b6 30. Rg3 R6b7 31. Bf1 Rb6 32. Qc2 Rb4 33. Rd2 Kh8 34. Bd3 Kg8 35. Nd1 Be8 36. Bf1 Bf7 37. Rdg2 Kf8 38. Bd2 R4b6 39. Bc3 Bd8 40. Nf2 Qa6 41. Qe2 R6b7 42. Nh3 Qa7 43. Qd3 Qa6 44. Rd2 Be7 45. Nf2 Ke8 46. Nd1 Nf8 47. Ne3 Nd7 48. Rh2 Nb6 49. g5 Bf8 50. gxf6 gxf6 51. Rg6 Ke7 52. h5 Rd7 53. Be1 Rdd8 54. Bh4 Nd7 55. Nd5+ Bxd5 56. Qxd5 Rdc8 57. Bxf6+ Nxf6 58. Rxf6 Kd7 59. Rf7+ Be7 60. f6 Rg8+ 1-0

[Event "35th European Club Cup 2019"]
[Site "Ulcinj"]
[Date "2019.11.16"]
[Round "7.4"]
[White "Maenhout, Thibaut"]
[Black "Nikac, Predrag"]
[Result "1-0"]
[ECO "B31"]
[WhiteElo "2372"]
[BlackElo "2309"]
[Annotator "NA"]
[PlyCount "49"]
[EventDate "2019.11.10"]
[EventType "team-tourn"]
[EventCountry "MNE"]
[SourceTitle "playchess.com"]
[Source "ChessBase"]
[SourceQuality "1"]
[WhiteTeam "HWP Sas van Gent"]
[BlackTeam "Buducnost"]
[TimeControl "40/5400+30:1800+30"]

1. e4 c5 2. Nf3 Nc6 3. Bb5 g6 4. Bxc6 bxc6 5. O-O Bg7 6. Re1 Nf6 7. e5 Nd5 8. c4 Nb6 9. d4 cxd4 10. c5 Nd5 11. Qxd4 Rb8 12. Nc3 Nxc3 13. bxc3 O-O 14. Qh4 f6 15. Bh6 Rb5 16. Qc4+ Kh8 17. Bxg7+ Kxg7 18. Rad1 Qe8 19. Qd4 Rb2 20. Re3 e6 21. exf6+ Rxf6 22. Ne5 h5 23. Rg3 Rfxf2 24. Nxg6+ Kh6 25. Nf4 1-0

[Event "35th European Club Cup 2019"]
[Site "Ulcinj"]
[Date "2019.11.16"]
[Round "7.4"]
[White "Brazdzionis, Andrius"]
[Black "Umudova, Nargiz"]
[Result "1-0"]
[ECO "D37"]
[WhiteElo "2355"]
[BlackElo "2270"]
[Annotator "NA"]
[PlyCount "116"]
[EventDate "2019.11.10"]
[EventType "team-tourn"]
[EventCountry "MNE"]
[SourceTitle "playchess.com"]
[Source "ChessBase"]
[SourceQuality "1"]
[WhiteTeam "MRU-ROSK Consulting"]
[BlackTeam "Echiquier Mosan"]
[TimeControl "40/5400+30:1800+30"]

1. d4 Nf6 2. c4 e6 3. Nf3 d5 4. Nc3 Be7 5. g3 O-O 6. Bg2 dxc4 7. Ne5 c5 8. dxc5 Qc7 9. Nxc4 Qxc5 10. Qb3 Nc6 11. Be3 Qh5 12. h3 Na5 13. Nxa5 Qxa5 14. O-O Bb4 15. Rac1 Bd7 16. a3 Bd6 17. Rfd1 Be5 18. Qxb7 Rab8 19. Qxa7 Qxa7 20. Bxa7 Rxb2 21. e3 Rb3 22. Ne4 Nxe4 23. Bxe4 Bb5 24. Rb1 Rxb1 25. Rxb1 Bc4 26. a4 f5 27. Bf3 Rd8 28. a5 Rd2 29. Rc1 Bd5 30. Bxd5 exd5 31. Bb6 Ra2 32. Rc5 Kf7 33. Rxd5 Ke6 34. Rc5 Bd6 35. Rb5 Be5 36. Bd4 Bxd4 37. exd4 Ra4 38. d5+ Ke5 39. d6+ Kxd6 40. Rxf5 Ke6 41. Rb5 Kf6 42. Kg2 g5 43. g4 Ra3 44. f3 Kg6 45. Kg3 h6 46. Rc5 h5 47. h4 gxh4+ 48. Kxh4 Rxf3 49. Rc6+ Kf7 50. Kxh5 Rh3+ 51. Kg5 Rg3 52. Rc7+ Ke6 53. a6 Ra3 54. a7 Ke5 55. Kg6 Ke6 56. Rf7 Ke5 57. g5 Ke6 58. Kg7 Ra1 1-0

[Event "35th European Club Cup 2019"]
[Site "Ulcinj"]
[Date "2019.11.16"]
[Round "7.5"]
[White "Lundin, Jan"]
[Black "Rozentalis, Eduardas"]
[Result "1-0"]
[ECO "A46"]
[WhiteElo "2300"]
[BlackElo "2547"]
[Annotator "ChessBase"]
[PlyCount "47"]
[EventDate "2019.11.10"]
[EventType "team-tourn"]
[EventCountry "MNE"]
[SourceTitle "playchess.com"]
[Source "ChessBase"]
[SourceQuality "1"]
[WhiteTeam "Berlin"]
[BlackTeam "Koge SK"]
[TimeControl "40/5400+30:1800+30"]

1. d4 Nf6 2. Nf3 e6 3. Bf4 b6 4. e3 Be7 5. h3 Bb7 6. Nbd2 O-O 7. Bd3 c5 8. O-O d6 9. c3 Nc6 10. Qe2 a6 11. Rfd1 Re8 12. dxc5 bxc5 13. e4 d5 14. e5 Nd7 15. Nf1 c4 16. Bc2 f6 17. exf6 Bxf6 18. Ne3 Qe7 19. Rd2 Rf8 20. Re1 Rae8 21. Qd1 Qc5 22. Nxd5 Bd4 23. Nc7 Rxf4 24. Nxe8 1-0

[Event "35th European Club Cup 2019"]
[Site "Ulcinj"]
[Date "2019.11.16"]
[Round "7.5"]
[White "Noiroux, Kevin"]
[Black "Sakalauskas, Vaidas"]
[Result "1/2-1/2"]
[ECO "D02"]
[WhiteElo "2170"]
[BlackElo "2319"]
[Annotator "NA"]
[PlyCount "67"]
[EventDate "2019.11.10"]
[EventType "team-tourn"]
[EventCountry "MNE"]
[SourceTitle "playchess.com"]
[Source "ChessBase"]
[SourceQuality "1"]
[WhiteTeam "Echiquier Mosan"]
[BlackTeam "MRU-ROSK Consulting"]
[TimeControl "40/5400+30:1800+30"]

1. d4 d5 2. Nf3 e6 3. Bf4 Nf6 4. e3 Bd6 5. Bg3 O-O 6. Nbd2 c5 7. c3 b6 8. Bd3 Nc6 9. Qe2 Bb7 10. O-O Bxg3 11. hxg3 Qe7 12. Ne5 Nxe5 13. dxe5 Ne4 14. Bxe4 dxe4 15. Qg4 Qc7 16. Qf4 f5 17. exf6 Qxf4 18. exf4 gxf6 19. Rfe1 f5 20. Nc4 Rad8 21. Rad1 Kg7 22. Ne3 Kf6 23. Rxd8 Rxd8 24. Rd1 Rxd1+ 25. Nxd1 Ba6 26. Ne3 Be2 27. Kh2 b5 28. b4 cxb4 29. cxb4 e5 30. Kh3 Ke6 31. Kh4 h6 32. Kh3 Kf6 33. Nd5+ Ke6 34. Ne3 {[%emt 0:00:06] Kd5} 1/2-1/2

[Event "35th European Club Cup 2019"]
[Site "Ulcinj"]
[Date "2019.11.16"]
[Round "7.5"]
[White "Alivodic, Dario"]
[Black "De Schampheleire, Glen"]
[Result "1/2-1/2"]
[ECO "B20"]
[WhiteElo "2082"]
[BlackElo "2359"]
[Annotator "NA"]
[PlyCount "77"]
[EventDate "2019.11.10"]
[EventType "team-tourn"]
[EventCountry "MNE"]
[SourceTitle "playchess.com"]
[Source "ChessBase"]
[SourceQuality "1"]
[WhiteTeam "Buducnost"]
[BlackTeam "HWP Sas van Gent"]
[TimeControl "40/5400+30:1800+30"]

1. e4 c5 2. b4 cxb4 3. d4 d5 4. exd5 Nf6 5. a3 Qxd5 6. Nf3 Bg4 7. Be2 e6 8. c4 Qd7 9. h3 Bxf3 10. Bxf3 Nc6 11. d5 Ne5 12. O-O Be7 13. Re1 Nxf3+ 14. Qxf3 exd5 15. Qe2 dxc4 16. Bb2 c3 17. Bxc3 bxc3 18. Nxc3 O-O 19. Qxe7 Qc6 20. Ne4 Nxe4 21. Qxe4 Qa6 22. Qe7 h6 23. Rad1 b5 24. Re3 Qc6 25. Rd6 Qc1+ 26. Kh2 Qb2 27. Rg3 Rfe8 28. Qh4 Kh7 29. Qh5 Qxf2 30. Rf3 Qb2 31. Rxh6+ gxh6 32. Rxf7+ Qg7 33. Rxg7+ Kxg7 34. Qxb5 Rf8 35. Qe5+ Rf6 36. Qe7+ Rf7 37. Qe5+ Rf6 38. Qe7+ Rf7 39. Qe5+ 1/2-1/2

[Event "35th European Club Cup 2019"]
[Site "Ulcinj"]
[Date "2019.11.16"]
[Round "7.6"]
[White "Kovalev, Vladislav"]
[Black "Vocaturo, Daniele"]
[Result "0-1"]
[ECO "C07"]
[WhiteElo "2674"]
[BlackElo "2615"]
[Annotator "ChessBase"]
[PlyCount "54"]
[EventDate "2019.11.10"]
[EventType "team-tourn"]
[EventCountry "MNE"]
[SourceTitle "playchess.com"]
[Source "ChessBase"]
[SourceQuality "1"]
[WhiteTeam "Alkaloid"]
[BlackTeam "Padova"]
[TimeControl "40/5400+30:1800+30"]

1. e4 e6 2. d4 d5 3. Nd2 c5 4. Ngf3 cxd4 5. exd5 Qxd5 6. Bc4 Qd7 7. O-O Nc6 8. Nb3 Nf6 9. Nbxd4 Nxd4 10. Nxd4 a6 11. Re1 b5 12. Bb3 Bb7 13. Bg5 Ne4 14. Bh4 g5 15. Bg3 Nxg3 16. hxg3 O-O-O 17. c3 h5 18. Re3 h4 19. Qg4 hxg3 20. fxg3 Bc5 21. Rf1 Qc6 22. Re2 f5 23. Qf3 Qb6 24. Bxe6+ Kb8 25. Qxf5 Rxd4 26. cxd4 Bxd4+ 27. Rff2 Qc6 0-1

[Event "35th European Club Cup 2019"]
[Site "Ulcinj"]
[Date "2019.11.16"]
[Round "7.6"]
[White "Smith, Axel"]
[Black "Nogly, Christoph"]
[Result "1-0"]
[ECO "D51"]
[WhiteElo "2465"]
[BlackElo "2235"]
[Annotator "ChessBase"]
[PlyCount "93"]
[EventDate "2019.11.10"]
[EventType "team-tourn"]
[EventCountry "MNE"]
[SourceTitle "playchess.com"]
[Source "ChessBase"]
[SourceQuality "1"]
[WhiteTeam "Koge SK"]
[BlackTeam "Berlin"]
[TimeControl "40/5400+30:1800+30"]

1. c4 e6 2. Nc3 d5 3. d4 Nf6 4. Bg5 Nbd7 5. e3 h6 6. Bh4 Be7 7. Nf3 O-O 8. Rc1 Re8 9. Qc2 c6 10. Bd3 a6 11. O-O dxc4 12. Bxc4 b5 13. Be2 Bb7 14. Rfd1 Rc8 15. Ne5 Qc7 16. Nxd7 Qxd7 17. Bxf6 Bxf6 18. Ne4 Be7 19. Nc5 Qc7 20. Bf3 Red8 21. Qe4 Bxc5 22. Rxc5 Rd5 23. Rdc1 Rxc5 24. Rxc5 Qa5 25. Qb1 Qd8 26. g3 Qd6 27. h4 Ba8 28. Qe4 Rd8 29. Bd1 Bb7 30. b4 Qe7 31. Bc2 Qf6 32. h5 Kf8 33. Qh7 Ke7 34. Be4 Kd7 35. Kg2 Kc7 36. Bf3 Kb6 37. Qc2 Rc8 38. a4 bxa4 39. Qxa4 Qe7 40. Qa3 Qd7 41. Qd3 Qe7 42. Qh7 Qf6 43. Qc2 Qd8 44. Qc3 Qd7 45. d5 cxd5 46. Qd4 e5 47. Rc6+ 1-0

[Event "35th European Club Cup 2019"]
[Site "Ulcinj"]
[Date "2019.11.16"]
[Round "7.6"]
[White "Piceu, Tom"]
[Black "Vuckovic, Marko"]
[Result "1-0"]
[ECO "D05"]
[WhiteElo "2354"]
[BlackElo "2054"]
[Annotator "NA"]
[PlyCount "80"]
[EventDate "2019.11.10"]
[EventType "team-tourn"]
[EventCountry "MNE"]
[SourceTitle "playchess.com"]
[Source "ChessBase"]
[SourceQuality "1"]
[WhiteTeam "HWP Sas van Gent"]
[BlackTeam "Buducnost"]
[TimeControl "40/5400+30:1800+30"]

1. d4 Nf6 2. Nf3 e6 3. e3 d5 4. Bd3 c5 5. O-O Nc6 6. Nbd2 Bd6 7. dxc5 Bxc5 8. a3 a5 9. b3 O-O 10. Bb2 Qe7 11. Qe2 e5 12. e4 dxe4 13. Nxe4 Nxe4 14. Bxe4 f6 15. Rfd1 Be6 16. Nh4 Nd4 17. Bxd4 Bxd4 18. c3 Bc5 19. Bxh7+ Kxh7 20. Qh5+ Kg8 21. Ng6 Qc7 22. Rd3 Rad8 23. Rg3 Rd2 24. Rf1 Bxb3 25. Qh8+ Kf7 26. Qh5 Ke8 27. Nxf8+ Kxf8 28. Qh8+ Bg8 29. h4 Rd6 30. h5 f5 31. Rg6 Rxg6 32. hxg6 Bxa3 33. Qh5 Be6 34. Rd1 Be7 35. Qh8+ Bg8 36. Qh5 f4 37. Qf5+ Bf6 38. Rd7 Qb6 39. Qd3 Ke8 40. Rd6 Qb3 1-0

[Event "35th European Club Cup 2019"]
[Site "Ulcinj"]
[Date "2019.11.16"]
[Round "7.6"]
[White "Setkauskas, Vaidas"]
[Black "Dambiermont, Henri"]
[Result "1-0"]
[ECO "C42"]
[WhiteElo "2195"]
[BlackElo "1708"]
[Annotator "NA"]
[PlyCount "91"]
[EventDate "2019.11.10"]
[EventType "team-tourn"]
[EventCountry "MNE"]
[SourceTitle "playchess.com"]
[Source "ChessBase"]
[SourceQuality "1"]
[WhiteTeam "MRU-ROSK Consulting"]
[BlackTeam "Echiquier Mosan"]
[TimeControl "40/5400+30:1800+30"]

1. e4 e5 2. Nf3 Nf6 3. Nxe5 d6 4. Nf3 Nxe4 5. Nc3 Nxc3 6. dxc3 Be7 7. Be3 Nc6 8. Qd2 Be6 9. Ng5 Bxg5 10. Bxg5 f6 11. Be3 a6 12. O-O-O Qd7 13. h3 O-O-O 14. Be2 Ne5 15. b3 Qe7 16. Rhe1 d5 17. f4 Qa3+ 18. Kb1 Nc6 19. Bf3 d4 20. Bxd4 Bf5 21. Be4 Bxe4 22. Rxe4 f5 23. Re2 Nxd4 24. cxd4 Rd5 25. Re5 Rhd8 26. Qe3 Qd6 27. Re6 Qd7 28. Re7 Qd6 29. c3 c5 30. Rxg7 cxd4 31. cxd4 Rxd4 32. Qc3+ Qc6 33. Rc1 Rd1 34. Qxc6+ bxc6 35. Rxd1 Rxd1+ 36. Kc2 Rf1 37. g3 Rf2+ 38. Kc3 h5 39. h4 Rxa2 40. Kd4 Rb2 41. Ke5 Rxb3 42. Kxf5 Re3 43. g4 Rg3 44. g5 Rh3 45. g6 Rxh4 46. Rf7 1-0

[Event "35th European Club Cup 2019"]
[Site "Ulcinj"]
[Date "2019.11.16"]
[Round "7.7"]
[White "Henderson De La Fuente, Lance"]
[Black "Petenyi, Tamas"]
[Result "0-1"]
[ECO "B06"]
[WhiteElo "2497"]
[BlackElo "2420"]
[Annotator "ChessBase"]
[PlyCount "84"]
[EventDate "2019.11.10"]
[EventType "team-tourn"]
[EventCountry "MNE"]
[SourceTitle "playchess.com"]
[Source "ChessBase"]
[SourceQuality "1"]
[WhiteTeam "Mulhouse"]
[BlackTeam "Dunajska Streda"]
[TimeControl "40/5400+30:1800+30"]

1. e4 g6 2. d4 Bg7 3. Nf3 c6 4. Nc3 d6 5. h3 Nf6 6. a4 O-O 7. Be2 a5 8. O-O Na6 9. Re1 Nb4 10. Bf1 e5 11. Bg5 Qc7 12. Qd2 Be6 13. Rad1 Rad8 14. Nb1 Rfe8 15. c4 exd4 16. Nxd4 Rc8 17. Bf4 Bd7 18. Nc3 Nh5 19. Be3 Nf6 20. Bg5 d5 21. cxd5 cxd5 22. exd5 Rxe1 23. Qxe1 Nfxd5 24. Nxd5 Nxd5 25. Nb5 Bxb5 26. Bxb5 h6 27. Bd2 b6 28. Rc1 Qd8 29. b3 Rxc1 30. Qxc1 Bd4 31. Bc4 h5 32. Qd1 Ne7 33. Qf3 Nf5 34. g4 hxg4 35. hxg4 Nd6 36. Bd5 Qe7 37. Kg2 Ne8 38. Bg5 Nf6 39. Qd3 Nxd5 40. Bxe7 Nf4+ 41. Kf3 Nxd3 42. Ke4 Bc5 0-1

[Event "35th European Club Cup 2019"]
[Site "Ulcinj"]
[Date "2019.11.16"]
[Round "7.7"]
[White "Pijpers, Arthur"]
[Black "Chigaev, Maksim"]
[Result "0-1"]
[ECO "C92"]
[WhiteElo "2473"]
[BlackElo "2623"]
[Annotator "ChessBase"]
[PlyCount "92"]
[EventDate "2019.11.10"]
[EventType "team-tourn"]
[EventCountry "MNE"]
[SourceTitle "playchess.com"]
[Source "ChessBase"]
[SourceQuality "1"]
[WhiteTeam "LSG IntelliMagic"]
[BlackTeam "Molodezka"]
[TimeControl "40/5400+30:1800+30"]

1. e4 e5 2. Nf3 Nc6 3. Bb5 a6 4. Ba4 Nf6 5. O-O Be7 6. Re1 b5 7. Bb3 d6 8. c3 O-O 9. h3 Re8 10. d4 Bb7 11. Nbd2 Bf8 12. a4 Na5 13. Bc2 exd4 14. cxd4 b4 15. b3 g6 16. Bb2 d5 17. e5 Nd7 18. Nf1 c5 19. e6 Rxe6 20. Rxe6 fxe6 21. dxc5 Bg7 22. Bxg7 Kxg7 23. Ne3 h5 24. Rc1 Qf6 25. Qd2 Nc6 26. Bd3 Rf8 27. Bf1 Nde5 28. Nxe5 Qxe5 29. Nc2 Qf4 30. Qe1 h4 31. Rd1 Rf7 32. Rd3 a5 33. Rf3 Qe5 34. Qxe5+ Nxe5 35. Re3 Kf6 36. Nd4 g5 37. Nb5 Bc6 38. Nd4 Rc7 39. Re2 Be8 40. Rc2 Bg6 41. Rc1 Nc6 42. Nb5 Rd7 43. Nd6 Nd4 44. Nb5 Nxb3 45. c6 Nxc1 46. cxd7 Ke7 0-1

[Event "35th European Club Cup 2019"]
[Site "Ulcinj"]
[Date "2019.11.16"]
[Round "7.7"]
[White "Subelj, Jan"]
[Black "Edouard, Romain"]
[Result "0-1"]
[ECO "B51"]
[WhiteElo "2398"]
[BlackElo "2635"]
[Annotator "ChessBase"]
[PlyCount "104"]
[EventDate "2019.11.10"]
[EventType "team-tourn"]
[EventCountry "MNE"]
[SourceTitle "playchess.com"]
[Source "ChessBase"]
[SourceQuality "1"]
[WhiteTeam "Maribor"]
[BlackTeam "KGSRL Gent"]
[TimeControl "40/5400+30:1800+30"]

1. e4 c5 2. Nf3 d6 3. Bb5+ Nd7 4. c3 Ngf6 5. Qe2 a6 6. Ba4 g6 7. O-O Bg7 8. d4 b5 9. Bc2 cxd4 10. cxd4 O-O 11. e5 Ne8 12. e6 fxe6 13. Ng5 Nc7 14. Bd2 a5 15. Bb3 Nf6 16. Nxe6 Bxe6 17. Bxe6+ Kh8 18. Bh3 Nh5 19. Qe4 d5 20. Qh4 Qd6 21. g3 b4 22. Be3 e5 23. Nd2 Nf4 24. Bxf4 exf4 25. Nf3 Rae8 26. Kg2 Re4 27. Rae1 h6 28. Rxe4 dxe4 29. Ne5 Kh7 30. Rc1 Bxe5 31. dxe5 Qxe5 32. gxf4 Rxf4 33. Qd8 Rf7 34. Kh1 h5 35. Qd2 Ne6 36. Bxe6 Qxe6 37. Qd4 Rd7 38. Qe3 Qxa2 39. Qxe4 Qxb2 40. Rc6 Qg7 41. Rc5 Qf6 42. Rxa5 Kg7 43. Kg2 Rf7 44. f3 b3 45. Rb5 Qb2+ 46. Kg3 Qc3 47. Kg2 Qd2+ 48. Kg3 h4+ 49. Kh3 Qd7+ 50. Kg2 Qxb5 51. Qd4+ Rf6 52. Qa7+ Kh6 0-1

[Event "35th European Club Cup 2019"]
[Site "Ulcinj"]
[Date "2019.11.16"]
[Round "7.8"]
[White "Paravyan, David"]
[Black "Sprenger, Jan Michael"]
[Result "1/2-1/2"]
[ECO "B41"]
[WhiteElo "2628"]
[BlackElo "2492"]
[Annotator "ChessBase"]
[PlyCount "95"]
[EventDate "2019.11.10"]
[EventType "team-tourn"]
[EventCountry "MNE"]
[SourceTitle "playchess.com"]
[Source "ChessBase"]
[SourceQuality "1"]
[WhiteTeam "Molodezka"]
[BlackTeam "LSG IntelliMagic"]
[TimeControl "40/5400+30:1800+30"]

1. e4 c5 2. Nf3 e6 3. d4 cxd4 4. Nxd4 a6 5. a3 Nf6 6. Nc3 Qc7 7. f4 d6 8. g4 Nc6 9. g5 Nd7 10. Bc4 Nc5 11. Ba2 Bd7 12. Nf3 Na7 13. Qe2 Nb5 14. Nd1 Nxe4 15. c4 d5 16. cxd5 Nbd6 17. Nd4 exd5 18. Nc3 Bc6 19. O-O Be7 20. Be3 Nxc3 21. bxc3 Bb5 22. Nxb5 Nxb5 23. Rac1 O-O 24. c4 dxc4 25. Bxc4 Bxa3 26. Bxb5 Bxc1 27. Rxc1 Qe7 28. Bd3 Rfe8 29. Re1 Rad8 30. Kf2 Qd7 31. Bb1 Qh3 32. Qf3 Qxh2+ 33. Kf1 h5 34. g6 fxg6 35. Bxg6 Re7 36. f5 Qh4 37. Rc1 Red7 38. Bf2 Qg4 39. Bxh5 Qxf3 40. Bxf3 Rf8 41. Be4 g6 42. Rb1 b5 43. Ra1 gxf5 44. Bc6 Rd6 45. Rxa6 Rc8 46. Bxb5 Rxa6 47. Bxa6 Rc1+ 48. Ke2 1/2-1/2